 Dungeon Crawl Stone Soup version 0.20.1-1-g8b1a95d (webtiles) character file.

214 miragecloak the Cudgeler (level 5, -7/32 HPs)
             Began as a Gargoyle Monk on July 5, 2017.
             Mangled by an ogre
             ... wielding a +0 giant club
              (17 damage)
             ... on level 4 of the Dungeon.
             The game lasted 00:02:59 (4634 turns).

miragecloak the Cudgeler (Gargoyle Monk)            Turns: 4634, Time: 00:03:00

Health: -7/32      AC:  6    Str: 15    XL:     5   Next: 91%
Magic:  5/5        EV: 15    Int: 11    God:
Gold:   174        SH:  0    Dex: 12    Spells: 4/4 levels left

rFire    . . .     SeeInvis .   y - +0 flail
rCold    . . .     Gourm    .   (no shield)
rNeg     + . .     Faith    .   b - +0 robe
rPois    ∞         Spirit   .   (no helmet)
rElec    +         Reflect  .   (no cloak)
rCorr    .         Harm     .   (no gloves)
MR       +....                  (no boots)
Stlth    ++........             (no amulet)
Regen    0.1/turn               l - ring of protection from magic
MPRegen  0.1/turn               s - +3 ring of evasion

@: no status effects
A: negative energy resistance 1, electricity resistance, unbreathing,
petrification resistance, rot immunity, AC +4
a: no special abilities


You were on level 4 of the Dungeon.
You were not hungry.

You visited 1 branch of the dungeon, and saw 4 of its levels.

You collected 174 gold pieces.

Inventory:

Hand Weapons
 a - a +0 mace
 y - a +0 flail (weapon)
Armour
 b - a +0 robe (worn)
Jewellery
 l - a ring of protection from magic (left hand)
 s - a +3 ring of evasion (right hand)
 x - a cursed ring of teleportation {unknown}
Wands
 o - a wand of random effects (14/48)
Scrolls
 d - a scroll of blinking {unknown}
 e - 2 scrolls of immolation {unknown}
 g - 2 scrolls of recharging {unknown}
 h - 3 scrolls of identify {unknown}
 i - a scroll of random uselessness {unknown}
 j - a scroll of enchant armour {unknown}
 m - 3 scrolls of fog {unknown}
 p - a scroll of enchant weapon {unknown}
 u - a scroll of teleportation {unknown}
Potions
 f - 2 potions of curing {unknown}
 n - 2 potions of heal wounds {unknown}
 r - a potion of degeneration {unknown}
 t - a potion of invisibility {unknown}
 w - a potion of magic {unknown}
Comestibles
 c - 2 bread rations
 k - a royal jelly
 q - 2 meat rations
 v - 4 fruits


   Skills:
 - Level 3.2 Fighting
 + Level 6.4 Maces & Flails
 - Level 2.4 Dodging
 - Level 2.1 Stealth


You had 4 spell levels left.
You didn't know any spells.

Dungeon Overview and Level Annotations

Branches:
Dungeon (4/15)
 Temple: D:4-7

Altars:
Gozag
Okawaru


Innate Abilities, Weirdness & Mutations

You are resistant to torment.
Your stone body is resilient. (AC +4)
You are immune to poison.
You resist negative energy. (rN+)
You are resistant to electric shocks. (rElec)
You can survive without breathing.
You are immune to petrification.
You are immune to rotting.


Message History

You barely miss the ogre.
The ogre is lightly wounded.
The ogre misses you.
You hit the ogre.
The ogre is moderately wounded.
The ogre misses you.
You sock the ogre!
The ogre is heavily wounded.
The ogre closely misses you.
You barely miss the ogre.
The ogre is heavily wounded.
You hit the ogre.
The ogre is severely wounded.
The ogre hits you with a giant club!
You are too injured to fight recklessly!
You hit the ogre.
The ogre is almost dead.
The ogre hits you with a giant club!
Ouch! That really hurt!
You die...

..................
#.#.#.#.#.#.......
..###...........
#.#######+##
#(#### #....#
#.####.# #
#......####.#####
..........@.....>#
.#####.....O.###.#
#.##.#### #. #.#
#. ..# #.....
###<.# #..#


You could see an ogre.

Vanquished Creatures
  The ghost of TheGamingCockatoo the Scratcher, a weakling FeTm (D:3)
  An orc wizard (D:4)
  6 adders
  2 worms (D:3)
  2 dart slugs (D:1)
  A leopard gecko (D:1)
  9 orcs
  10 bats
  4 giant cockroaches
  11 goblins
  4 hobgoblins
  11 jackals
  7 kobolds
  A quokka (D:2)
  4 frilled lizards (D:1)
  A jackal skeleton (D:4)
  7 rats
82 creatures vanquished.

Notes
Turn   | Place    | Note
-------+----------+-------------------------------------------
     0 | D:1      | miragecloak the Gargoyle Monk began the quest for the Orb.
     0 | D:1      | Reached XP level 1. HP: 14/14 MP: 1/1
    74 | D:1      | Reached XP level 2. HP: 19/19 MP: 2/2
   485 | D:1      | Reached skill level 4 in Maces & Flails
   862 | D:1      | Reached XP level 3. HP: 19/23 MP: 3/3
  1740 | D:2      | Reached XP level 4. HP: 25/28 MP: 4/4
  1746 | D:2      | Found an iron altar of Okawaru.
  1816 | D:2      | Reached skill level 5 in Maces & Flails
  1955 | D:2      | Found an opulent altar of Gozag.
  2985 | D:3      | Noticed TheGamingCockatoo's ghost (weakling FeTm)
  3641 | D:3      | Killed TheGamingCockatoo's ghost
  3641 | D:3      | Reached XP level 5. HP: 26/32 MP: 5/5
  3850 | D:3      | Reached skill level 6 in Maces & Flails
  4624 | D:4      | Noticed an ogre
  4634 | D:4      | Mangled by an ogre

Skill      XL: |  1  2  3  4  5 |
---------------+----------------+-----
Maces & Flails | 4 5 6 |  6.4
Fighting       | |  3.2
Dodging        | |  2.4
Stealth        | |  2.1

Action                   |  1- 3 |  4- 6 || total
-------------------------+-------+-------++-------
Melee: Mace              |   121 |   183 ||   304
       Flail             |       |    14 ||    14
 Stab: Sleeping          |     2 |     8 ||    10
  Eat: Chunk             |     3 |     9 ||    12
Armor: Robe              |    41 |    59 ||   100
Dodge: Dodged            |   103 |   174 ||   277
